 Dungeon Crawl Stone Soup version 0.29-a0-1065-g47a6bb87d6 (webtiles) character file.

Game seed: 11525090085497814001

3342 greasedhog the Basher (level 10, -3/59 HPs)
             Began as a Gargoyle Artificer on Aug 18, 2022.
             Was a Priest of Okawaru.
             Slain by a wight
             ... wielding a +3 dagger of freezing
              (6 damage)
             ... on level 8 of the Dungeon.
             The game lasted 00:11:31 (9274 turns).

greasedhog the Basher (Gargoyle Artificer)          Turns: 9274, Time: 00:11:33

Health: -3/59      AC: 26    Str: 21    XL:     10   Next: 2%
Magic:  3/10       EV: 12    Int: 11    God:    Okawaru [***...]
Gold:   289        SH:  0    Dex: 12    Spells: 9/9 levels left

rFire   + . .      SeeInvis .   f - +2 flail (venom)
rCold   . . .      Faith    .   (no shield)
rNeg    + . .      Spirit   .   n - +2 chain mail {rF+}
rPois   ∞          Reflect  .   m - +0 helmet
rElec   +          Harm     .   y - +1 cloak of the Sunfish {rElec rCorr Dex+2}
rCorr   +          Rampage  .   b - +0 pair of gloves
Will    +....                   (no boots)
Stlth   ..........              (no amulet)
HPRegen 0.19/turn               z - ring of willpower
MPRegen 0.12/turn               i - +4 ring of slaying

@: heroic
A: sickness immunity, AC +7, negative energy resistance 1, electricity
resistance, torment resistance 1, petrification resistance, MP-powered wands
a: Renounce Religion, Heroism


You were on level 8 of the Dungeon.
You worshipped Okawaru.
Okawaru was most pleased with you.
You visited 2 branches of the dungeon, and saw 10 of its levels.

You collected 426 gold pieces.
You spent 137 gold pieces at shops.

Inventory:

Hand Weapons
 f - a +2 flail of venom (weapon)
Missiles
 v - 3 throwing nets
Armour
 b - a +0 pair of gloves (worn)
 m - a +0 helmet (worn)
 n - a +2 chain mail of fire resistance (worn)
 y - the +1 cloak of the Sunfish (worn) {rElec rCorr Dex+2}
   (You found it on level 5 of the Dungeon)

   Dex:       It affects your dexterity (+2).
   rElec:     It insulates you from electricity.
   rCorr:     It protects you from acid and corrosion.
Jewellery
 i - a +4 ring of slaying (right hand)
 l - a ring of flight
 z - a ring of willpower (left hand)
 B - a ring of willpower
 E - a ring of see invisible
Wands
 c - a wand of flame (31) (quivered)
 e - a wand of iceblast (5)
 r - a wand of paralysis (8)
Scrolls
 k - 4 scrolls of teleportation
 q - 2 scrolls of identify
 t - a scroll of brand weapon
 w - 2 scrolls of enchant weapon
 x - 2 scrolls of poison
 C - 2 scrolls of blinking
 F - a scroll of vulnerability
 G - 2 scrolls of amnesia
 H - a scroll of magic mapping
Potions
 a - a potion of degeneration {unknown}
 d - a potion of ambrosia {unknown}
 g - a potion of heal wounds
 h - 2 potions of resistance {unknown}
 j - 3 potions of flight
 o - 7 potions of curing
 p - a potion of magic {unknown}
 s - a potion of berserk rage {unknown}
 u - a potion of cancellation {unknown}
 A - a potion of might {unknown}
 D - a potion of brilliance {unknown}


   Skills:
 - Level 5.5(10.5) Fighting
 * Level 9.8(14.8) Maces & Flails
 - Level 5.3(10.3) Armour
 * Level 5.8(10.8) Dodging
 - Level 1.1(6.1) Stealth
 - Level 2.6 Evocations


You had 9 spell levels left.
You didn't know any spells.
Your spell library contained the following spells:

 Spells                   Type           Power      Damage    Failure   Level
 Foxfire                  Conj/Fire      0%         2x1d4     92%         1
 Conjure Flame            Conj/Fire      0%         6-21      100%        3
 Inner Flame              Hex/Fire       0%         N/A       100%        3
 Flame Wave               Conj/Fire      0%         2d4       100%        4
 Summon Small Mammal      Summ           Unusable   N/A       N/A         1
 Call Canine Familiar     Summ           Unusable   N/A       N/A         3
 Summon Guardian Golem    Hex/Summ       Unusable   N/A       N/A         3

Dungeon Overview and Level Annotations

Branches:
Dungeon (9/15)             Temple (1/1) D:5
   Lair: D:8-11         Orc: D:9-12

Altars:
Ashenzari
Cheibriados
Dithmenos
Elyvilon
Gozag
Hepliaklqana
Kikubaaqudgha
Nemelex Xobeh
Okawaru
Qazlal
Ru
Sif Muna
Trog
Uskayaw
Vehumet
Wu Jian
Xom
Yredelemnul
Zin
The Shining One

Shops:
D:4 =?

Annotations:
D:3 1 transporter, SensoryNuts's ghost, weakling OgFi


Innate Abilities, Weirdness & Mutations

You are immune to sickness and miasma.
Your stone body is resilient. (AC +7)
You are immune to poison.
You resist negative energy. (rN+)
You are resistant to electric shocks. (rElec)
You are resistant to unholy torment.
You are immune to petrification.
You expend magic power (3 MP) to strengthen your wands.


Message History

You feel much better. The white ugly thing kicks you.
The white ugly thing freezes you!!
Ouch! That really hurt!
* * * LOW HITPOINT WARNING * * *
The wight hits you but does no damage.
The white ugly thing kicks you but does no damage.
You feel much better.
The white ugly thing completely misses you.
The wight hits you but does no damage.
The wight hits you with a +3 dagger of freezing.
The wight freezes you. The wight attacks as you move away!
The wight closely misses you.
The white ugly thing attacks as you move away!
The white ugly thing completely misses you.
You bludgeon the white ugly thing!!
The white ugly thing looks as sick as possible!
The white ugly thing is heavily wounded.
The white ugly thing barely misses you.
You thump the white ugly thing!
The white ugly thing is severely wounded.
The wight hits you with a +3 dagger of freezing.
The wight freezes you.
You sock the white ugly thing!
The white ugly thing looks as sick as possible!
The white ugly thing is almost dead.
The white ugly thing completely misses you.
The wight hits you but does no damage.
You hit the white ugly thing but do no damage.
The white ugly thing looks as sick as possible!
The white ugly thing is almost dead.
The white ugly thing kicks you. The white ugly thing freezes you!!
* * * LOW HITPOINT WARNING * * *
You sock the white ugly thing!
The white ugly thing looks as sick as possible!
The white ugly thing is almost dead.
You kill the white ugly thing!
Okawaru is honoured by your kill.
Okawaru will now gift you throwing weapons as you gain piety.
The wight hits you with a +3 dagger of freezing.
You die...

#.# #.# ########
#.##########'##### #......# #
#.#..............# #......# #
#.#..............# #......# #
#.#..............# #......######
#.#.#.#.#........###............
#.#.........>.............######
#.#.#.#.#.....z..#####..###
#.#............@..#####.##
#...#.#.#............##..##
#................###......##
#.......###############)#..##
#.####### #.............#..####
#.# #.............##..... #.#
#.............####### #.#
#.............+...... #.#
#.............#######


You could see a wight.

Vanquished Creatures
  An ugly thing (D:8)
  A kobold demonologist (D:8)
  Grinder (D:5)
  5 yaks (D:6)
  Edmund (D:6)
  An acid dragon (D:8)
  2 water moccasins
  2 sky beasts
  2 ogres
  2 centaurs (D:8)
  2 kobold brigands
  A necrophage (D:6)
  3 scorpions
  2 hounds
  A jelly (D:6)
  2 orc priests (D:8)
  2 gnoll boudas
  Terence (D:2)
  4 iguanas
  Ijyb (D:3)
  3 orc wizards
  13 gnolls
  14 adders
  A shadow imp (D:6)
  2 white imps
  2 ufetubi (D:5)
  5 worms
  A dart slug (D:2)
  27 orcs
  7 ball pythons
  7 endoplasms
  A giant cockroach (D:3)
  7 goblins
  6 hobgoblins
  5 jackals (D:5)
  15 kobolds
  3 quokkas
  9 bats
  5 frilled lizards
  4 rats
174 creatures vanquished.

Vanquished Creatures (others)
  A ball python (D:3)
1 creature vanquished.

Grand Total: 175 creatures vanquished

Notes
Turn   | Place    | Note
-------+----------+-------------------------------------------
     0 | D:1      | greasedhog the Gargoyle Artificer began the quest for the
                  | Orb.
     0 | D:1      | Reached XP level 1. HP: 12/12 MP: 1/1
   272 | D:1      | Reached skill level 1 in Maces & Flails
   272 | D:1      | Reached XP level 2. HP: 17/17 MP: 2/2
   800 | D:1      | Found a faded altar of an unknown god.
  1244 | D:2      | Reached XP level 3. HP: 19/21 MP: 3/3
  1829 | D:2      | Reached skill level 2 in Maces & Flails
  2040 | D:2      | Noticed Terence
  2042 | D:2      | Killed Terence
  2043 | D:2      | Reached XP level 4. HP: 28/28 MP: 4/4
  2445 | D:3      | Reached skill level 3 in Maces & Flails
  2445 | D:3      | Reached XP level 5. HP: 20/32 MP: 5/5
  2870 | D:3      | Noticed SensoryNuts's ghost (weakling OgFi)
  2871 | D:3      | Found a transporter.
  2875 | D:3      | Identified the +4 dire flail "Hat Zoinn" {vamp, *Corrode
                  | rC+ Int+6}
  2875 | D:3      | Noticed an ogre
  2879 | D:3      | Noticed an ogre
  3118 | D:3      | Noticed Ijyb
  3132 | D:3      | Killed Ijyb
  3133 | D:3      | Reached XP level 6. HP: 12/39 MP: 6/6
  3625 | D:3      | Reached skill level 4 in Maces & Flails
  3901 | D:4      | Found Fel Lez's Magic Scroll Shoppe.
  3906 | D:4      | Reached skill level 5 in Fighting
  3935 | D:4      | Reached XP level 7. HP: 14/44 MP: 7/7
  4192 | D:4      | Bought a scroll of enchant weapon for 82 gold pieces
  4192 | D:4      | Bought a scroll of identify for 22 gold pieces
  4192 | D:4      | Bought a scroll of teleportation for 33 gold pieces
  4258 | D:4      | Found a glowing silver altar of Zin.
  4390 | D:4      | Found Emaiberph's Jewellery Emporium.
  4402 | D:4      | Reached skill level 5 in Maces & Flails
  4484 | D:5      | Entered Level 5 of the Dungeon
  4536 | D:5      | Noticed Grinder
  4576 | D:5      | Paralysed by Grinder for 4 turns
  4580 | D:5      | Killed Grinder
  4611 | D:5      | Identified the +1 cloak of the Sunfish {rElec rCorr Dex+2}
  4616 | D:5      | Found a staircase to the Ecumenical Temple.
  4628 | Temple   | Entered the Ecumenical Temple
  4872 | Temple   | Became a worshipper of Warmaster Okawaru
  5281 | D:5      | Reached skill level 6 in Maces & Flails
  5281 | D:5      | Reached XP level 8. HP: 41/50 MP: 8/8
  5669 | D:5      | Reached skill level 5 in Armour
  6034 | D:6      | Found a bloodstained altar of Trog.
  6399 | D:6      | Reached skill level 1 in Dodging
  6408 | D:6      | Noticed Edmund
  6430 | D:6      | Killed Edmund
  6656 | D:6      | Reached skill level 7 in Maces & Flails
  6777 | D:6      | Reached * piety under Okawaru
  6889 | D:6      | Found an ornate altar of the Wu Jian Council.
  6903 | D:6      | Found a stormy altar of Qazlal.
  6906 | D:6      | Found a basalt altar of Yredelemnul.
  7242 | D:6      | Found a shimmering blue altar of Sif Muna.
  7246 | D:6      | Noticed a yak
  7247 | D:6      | Noticed a yak
  7247 | D:6      | Noticed a yak
  7247 | D:6      | Noticed a yak
  7247 | D:6      | Noticed a yak
  7252 | D:6      | Killed a yak
  7253 | D:6      | Reached XP level 9. HP: 54/54 MP: 9/9
  7258 | D:6      | Reached skill level 8 in Maces & Flails
  7268 | D:6      | Reached ** piety under Okawaru
  7641 | D:6      | Gained mutation: You expend magic power (3 MP) to
                  | strengthen your wands. [potion of mutation]
  8047 | D:7      | Found a glowing golden altar of the Shining One.
  8285 | D:8      | Reached skill level 9 in Maces & Flails
  8499 | D:8      | Reached skill level 5 in Dodging
  8716 | D:8      | Noticed a kobold demonologist
  8721 | D:8      | Noticed an orange demon
  8727 | D:8      | Killed a kobold demonologist
  8924 | D:8      | Reached XP level 10. HP: 53/59 MP: 0/10
  9259 | D:9      | Noticed a white ugly thing
  9274 | D:8      | Killed a white ugly thing
  9274 | D:8      | Reached *** piety under Okawaru
  9274 | D:8      | Slain by a wight

Illustrated notes

Levels and vault maps discovered:
D:1:      ebering_trefoil_3fold, layout_basic,
          hellmonk_ecumenical_altar_heavens_door
D:2:      layout_loops_ring, serial_glass, glass_columns_b, glass_columns_c,
          columned_hall_lemuel, uniq_terence
D:3:      minmay_diamond_boxcup, layout_basic, gammafunk_ghost_smash, uniq_ijyb
D:4:      layout_basic, mainiacjoe_overflow_surrounded_room, serial_shops,
          shop_fountains, nicolae_stop_n_shop_1
D:5:      wander_river, layout_loops_ring, temple_hall, uniq_grinder
D:6:      layout_gridville, trog_three_pillars_becter,
          grunt_temple_overflow_open, uniq_edmund
D:7:      minmay_polygon_palace, layout_loops_corners, tso_metal_star
D:8:      layout_basic, glass_columns_b
D:9:      layout_irregular_city, erik_lair_orcish_takeover,
          hellmonk_ghost_big_iron, nicolae_figureground_sparkle
Temple:   oiseaux_autumnal_temple

Skill      XL: |  1  2  3  4  5  6  7  8  9 |
---------------+----------------------------+-----
Maces & Flails | 1 2 3 4 6 7 9 |  9.8
Fighting       | 2 3 4 5 |  5.5
Armour         | 4 5 |  5.3
Dodging        | 3 5 |  5.8
Stealth        | |  1.1
Evocations     | |  2.6

Action                   |  1- 3 |  4- 6 |  7- 9 | 10-12 || total
-------------------------+-------+-------+-------+-------++-------
Melee: Club              |    16 |       |       |       ||    16
       Whip              |   119 |    39 |       |       ||   158
       Punch             |     1 |     2 |     3 |       ||     6
       Flail             |       |    94 |   287 |    14 ||   395
Invok: Heroism           |       |       |     1 |     1 ||     2
Evoke: Wand              |     7 |     8 |    11 |     2 ||    28
  Use: Scroll            |       |     3 |     9 |       ||    12
       Potion            |       |       |     1 |     2 ||     3
 Stab: Sleeping          |     4 |       |       |       ||     4
Armor: Leather armour    |    71 |       |       |       ||    71
       Plate armour      |       |    17 |       |       ||    17
       Chain mail        |       |    74 |   261 |    10 ||   345
Dodge: Dodged            |   110 |    33 |   122 |     8 ||   273

Table legend: (Time is in decaauts)
 A = Elapsed time spent in this place.
 B = Non-inter-level travel time spent in this place.
 C = Inter-level travel time spent in this place.
 D = Time resting spent in this place.
 E = Time spent auto-exploring this place.
 F = Levels seen in this place.
 G = Mean time per level.
                   A        B        C        D        E       F      G
               +--------+--------+--------+--------+--------+-----+--------+
         Total |   9310 |   8870 |    440 |   1111 |   6447 |  10 |  931.0 |
       Dungeon |   9034 |   8649 |    385 |   1111 |   6240 |   9 | 1003.8 |
        Temple |    276 |    221 |     55 |      0 |    207 |   1 |  276.0 |
               +--------+--------+--------+--------+--------+-----+--------+

Top non-repeatable levels by time:
     D:6: 1680 daAuts
     D:2: 1389 daAuts
     D:3: 1249 daAuts
     D:5: 1248 daAuts
     D:1: 1182 daAuts
     D:8: 996 daAuts
     D:4: 692 daAuts
     D:7: 591 daAuts
  Temple: 276 daAuts
     D:9: 3 daAuts
